 Dungeon Crawl Stone Soup version 0.29-a0-275-g389c0b56f3 (webtiles) character file.

Game seed: 9428880880428646716

532 jmlagarto the Insei (level 7, -2/52 HPs)
             Began as a Gnoll Transmuter on Mar 9, 2022.
             Slain by a hornet (10 damage)
             ... while paralysed by a hornet
             ... on level 4 of the Dungeon.
             The game lasted 00:11:55 (3581 turns).

jmlagarto the Insei (Gnoll Transmuter)              Turns: 3581, Time: 00:11:55

Health: -2/52      AC:  9    Str: 10    XL:     7   Next: 24%
Magic:  13/15      EV:  2    Int: 14    God:
Gold:   153        SH:  0    Dex: 12    Spells: 11/17 levels left

rFire   . . .      SeeInvis .   k - +3 quarterstaff (chaos)
rCold   . . .      Faith    .   (shield currently unavailable)
rNeg    . . .      Spirit   .   a - +0 robe
rPois   .          Reflect  .   (helmet currently unavailable)
rElec   .          Harm     .   l - +2 cloak
rCorr   .          Rampage  .   (no gloves)
Will    .....                   (boots currently unavailable)
Stlth   ++........              (no amulet)
HPRegen 0.17/turn               h - +4 ring of protection
MPRegen 0.14/turn               (no ring)

@: paralysed, lethally poisoned (-2 -> -10), appendages, slowed
A: horns 2, talons 2, fangs 1, strong nose, distributed training
a: End Transformation


You were on level 4 of the Dungeon.
You had temporarily grown beastly horns and talons.
You visited 1 branch of the dungeon, and saw 4 of its levels.

You collected 153 gold pieces.

Inventory:

Hand Weapons
 k - a +3 quarterstaff of chaos (weapon)
Armour
 a - a +0 robe (worn)
 i - a +1 helmet of intelligence (melded)
 l - a +2 cloak (worn)
Jewellery
 h - a +4 ring of protection (left hand)
Scrolls
 d - a scroll of magic mapping {unknown}
 f - 5 scrolls of identify {unknown}
 g - a scroll of teleportation {unknown}
Potions
 b - 2 potions of heal wounds {unknown}
 c - a potion of flight {unknown}
 e - a potion of invisibility {unknown}
 j - 2 potions of attraction {unknown}


   Skills:
 + Level 3.5 Fighting
 + Level 2.3 Short Blades
 + Level 2.3 Long Blades
 + Level 2.3 Axes
 + Level 2.3 Maces & Flails
 + Level 2.3 Polearms
 + Level 2.3 Staves
 + Level 2.3 Slings
 + Level 2.3 Bows
 + Level 2.3 Crossbows
 + Level 2.3 Throwing
 + Level 2.3 Armour
 + Level 5.2 Dodging
 + Level 2.3 Stealth
 + Level 2.3 Shields
 + Level 7.0 Unarmed Combat
 + Level 5.5 Spellcasting
 + Level 1.9 Conjurations
 + Level 1.9 Hexes
 + Level 1.9 Summonings
 + Level 1.9 Necromancy
 + Level 1.9 Translocations
 + Level 4.2 Transmutations
 + Level 1.9 Fire Magic
 + Level 1.9 Ice Magic
 + Level 1.9 Air Magic
 + Level 1.9 Earth Magic
 + Level 1.9 Poison Magic
 + Level 2.6 Invocations
 + Level 2.3 Evocations


You had 11 spell levels left.
You knew the following spells:

 Your Spells              Type           Power      Damage    Failure   Level
a - Beastly Appendage     Tmut           30%        N/A       2%          1
b - Wereblood             Tmut           15%        N/A       4%          2
c - Spider Form           Tmut/Pois      12%        N/A       14%         3

Your spell library contained the following spells:

 Spells                   Type           Power      Damage    Failure   Level
 Static Discharge         Conj/Air       9%         N/A       12%         2
 Gell's Gravitas          Tloc           9%         N/A       22%         3
 Lesser Beckoning         Tloc           9%         N/A       22%         3
 Teleport Other           Tloc           9%         N/A       22%         3
 Tukima's Dance           Hex            9%         N/A       22%         3
 Ice Form                 Ice/Tmut       12%        N/A       41%         4
 Dispel Undead            Necr           9%         3d8       58%         4
 Passage of Golubria      Tloc           9%         N/A       58%         4
 Sticky Flame             Conj/Fire      9%         2d3       58%         4
 Summon Ice Beast         Ice/Summ       9%         N/A       58%         4
 Yara's Violent Unravell  Hex/Tmut       6%         3d5       77%         5
 Summon Mana Viper        Hex/Summ       9%         N/A       91%         5
 Monstrous Menagerie      Summ           4%         N/A       100%        7


Dungeon Overview and Level Annotations

Branches:
Dungeon (4/15)
 Temple: D:4-7

Altars:
Okawaru


Innate Abilities, Weirdness & Mutations

You have temporarily grown beastly horns and talons.
You have very sharp teeth.
Your uncanny sense of smell can sniff out nearby items.
Your experience applies equally to all skills.


Message History

Menkaure barely misses you.
You sock Menkaure! You burn Menkaure. Your kick misses Menkaure.
You headbutt Menkaure.
You destroy Menkaure!
Your Unarmed Combat skill increases to level 7!
You have reached level 7!
A kobold comes into view. It is wielding a +0 dagger of speed.
The kobold shouts!
The hornet closely misses you. The hornet stings you!
You feel yourself slow down.
Your magical contamination has completely faded away.
You closely miss the hornet. Your kick misses the hornet.
You headbutt the hornet, but do no damage.
Your bite misses the hornet. The hornet stings you!
You feel as though you will be slow longer.
The hornet stings you but does no damage.
You barely miss the hornet. The hornet closely misses you.
The hornet stings you but does no damage.
The hornet barely misses you.
A necrophage comes into view.
You closely miss the hornet. You claw the hornet.
The hornet is lightly wounded.
You feel yourself speed up. The hornet stings you.
You are poisoned.
You feel yourself slow down. The hornet stings you!
You feel as though you will be slow longer.
The hornet stings you but does no damage.
The kobold hits you but does no damage.
Okay, then.
You completely miss the hornet. You claw the hornet. You headbutt the hornet.
The hornet is lightly wounded.
You feel very sick. The hornet stings you!
* * * LOW HITPOINT WARNING * * *
You suddenly lose the ability to move!
The kobold hits you with a +0 dagger of speed.
* * * LOW HITPOINT WARNING * * *
The hornet stings you!
You die...

####### #...$.#
#.....# #.....#
. #....|# ..
#.....####.
...###y@........
!..n..K....##..#
......##......#
...##......####
## ###....#
###....#
#...#......
#.###...### ##.#
.#.#


You could see a hornet, a necrophage and a kobold.

Vanquished Creatures
  Grinder (D:3)
  Menkaure (D:4)
  Crazy Yiuf (D:3)
  Jessica (D:3)
  5 adders
  4 gnolls (D:2)
  A worm (D:2)
  A dart slug (D:2)
  2 orcs (D:3)
  6 ball pythons
  6 bats
  9 endoplasms
  2 giant cockroaches
  2 goblins (D:3)
  7 hobgoblins
  10 jackals
  3 quokkas
  5 frilled lizards
  4 kobolds
  8 rats
79 creatures vanquished.

Notes
Turn   | Place    | Note
-------+----------+-------------------------------------------
     0 | D:1      | jmlagarto the Gnoll Transmuter began the quest for the Orb.
     0 | D:1      | Reached XP level 1. HP: 17/17 MP: 6/6
    74 | D:1      | Reached XP level 2. HP: 3/23 MP: 5/7
   829 | D:1      | Reached XP level 3. HP: 26/28 MP: 7/9
   864 | D:1      | Learned a level 2 spell: Wereblood
   915 | D:1      | Reached skill level 5 in Spellcasting
  1273 | D:2      | Found an iron altar of Okawaru.
  1305 | D:2      | Reached skill level 1 in Invocations
  1436 | D:2      | Reached skill level 1 in Short Blades
  1436 | D:2      | Reached skill level 1 in Long Blades
  1436 | D:2      | Reached skill level 1 in Axes
  1436 | D:2      | Reached skill level 1 in Maces & Flails
  1436 | D:2      | Reached skill level 1 in Polearms
  1436 | D:2      | Reached skill level 1 in Staves
  1436 | D:2      | Reached skill level 1 in Slings
  1436 | D:2      | Reached skill level 1 in Bows
  1436 | D:2      | Reached skill level 1 in Crossbows
  1436 | D:2      | Reached skill level 1 in Throwing
  1436 | D:2      | Reached skill level 1 in Armour
  1436 | D:2      | Reached skill level 1 in Stealth
  1436 | D:2      | Reached skill level 1 in Shields
  1436 | D:2      | Reached skill level 1 in Evocations
  1440 | D:2      | Reached XP level 4. HP: 31/34 MP: 9/11
  1717 | D:2      | Reached skill level 1 in Conjurations
  1717 | D:2      | Reached skill level 1 in Hexes
  1717 | D:2      | Reached skill level 1 in Summonings
  1717 | D:2      | Reached skill level 1 in Necromancy
  1717 | D:2      | Reached skill level 1 in Translocations
  1717 | D:2      | Reached skill level 1 in Fire Magic
  1717 | D:2      | Reached skill level 1 in Ice Magic
  1717 | D:2      | Reached skill level 1 in Air Magic
  1717 | D:2      | Reached skill level 1 in Earth Magic
  1717 | D:2      | Reached skill level 1 in Poison Magic
  2147 | D:2      | Reached XP level 5. HP: 40/40 MP: 12/12
  2295 | D:3      | Learned a level 3 spell: Spider Form
  2319 | D:3      | Noticed Jessica
  2331 | D:3      | Killed Jessica
  2693 | D:3      | Found a faded altar of an unknown god.
  2770 | D:3      | Noticed Grinder
  2785 | D:3      | Killed Grinder
  2786 | D:3      | Reached skill level 5 in Dodging
  2786 | D:3      | Reached XP level 6. HP: 22/47 MP: 14/14
  2967 | D:3      | Found a runed translucent door.
  2968 | D:3      | Noticed Crazy Yiuf
  3414 | D:3      | Killed Crazy Yiuf
  3568 | D:4      | Noticed Menkaure
  3571 | D:4      | Noticed a hornet
  3576 | D:4      | Killed Menkaure
  3577 | D:4      | Reached skill level 7 in Unarmed Combat
  3577 | D:4      | Reached XP level 7. HP: 52/52 MP: 12/15
  3581 | D:4      | Paralysed by a hornet for 3 turns
  3581 | D:4      | Slain by a hornet

Illustrated notes

Levels and vault maps discovered:
D:1:      minmay_arrival_solitary_statue, layout_basic
D:2:      layout_rooms, basic_altar, minmay_misc_feat_diagonals
D:3:      layout_loops_ring, nicolae_ecumenical_oubliette, uniq_grinder,
          uniq_jessica, uniq_crazy_yiuf_cottage
D:4:      layout_rooms, nicolae_gozag_seed_capital, kennysheep_mini_moat,
          uniq_blork_the_orc, uniq_menkaure

Skill      XL: |  1  2  3  4  5  6 |
---------------+-------------------+-----
Spellcasting   | 5 |  5.5
Invocations    | 1 2 |  2.6
Short Blades   | 1 2 |  2.3
Long Blades    | 1 2 |  2.3
Axes           | 1 2 |  2.3
Maces & Flails | 1 2 |  2.3
Polearms       | 1 2 |  2.3
Staves         | 1 2 |  2.3
Slings         | 1 2 |  2.3
Bows           | 1 2 |  2.3
Crossbows      | 1 2 |  2.3
Throwing       | 1 2 |  2.3
Armour         | 1 2 |  2.3
Stealth        | 1 2 |  2.3
Shields        | 1 2 |  2.3
Evocations     | 1 2 |  2.3
Conjurations   | 1 |  1.9
Hexes          | 1 |  1.9
Summonings     | 1 |  1.9
Necromancy     | 1 |  1.9
Translocations | 1 |  1.9
Fire Magic     | 1 |  1.9
Ice Magic      | 1 |  1.9
Air Magic      | 1 |  1.9
Earth Magic    | 1 |  1.9
Poison Magic   | 1 |  1.9
Fighting       | 3 |  3.5
Transmutations | 4 |  4.2
Dodging        | 5 |  5.2
Unarmed Combat | 7 |  7.0

Action                   |  1- 3 |  4- 6 |  7- 9 || total
-------------------------+-------+-------+-------++-------
Melee: Unarmed           |    89 |   109 |       ||   198
       Headbutt          |     9 |    15 |     2 ||    26
       Kick              |    12 |    32 |     2 ||    46
       Punch             |     4 |       |       ||     4
       Bite              |     4 |    11 |       ||    15
       Quarterstaff      |       |     9 |     4 ||    13
 Cast: Beastly Appendage |    19 |    36 |       ||    55
  Use: Potion            |     1 |     2 |       ||     3
 Stab: Sleeping          |     1 |     5 |       ||     6
Armor: Robe              |    16 |    34 |     4 ||    54
       Skin              |     1 |       |       ||     1
Dodge: Dodged            |    61 |    81 |     3 ||   145

Table legend: (Time is in decaauts)
 A = Elapsed time spent in this place.
 B = Non-inter-level travel time spent in this place.
 C = Inter-level travel time spent in this place.
 D = Time resting spent in this place.
 E = Time spent auto-exploring this place.
 F = Levels seen in this place.
 G = Mean time per level.
                   A        B        C        D        E       F      G
               +--------+--------+--------+--------+--------+-----+--------+
         Total |   3565 |   3492 |     73 |    103 |   2841 |   4 |  891.2 |
       Dungeon |   3565 |   3492 |     73 |    103 |   2841 |   4 |  891.2 |
               +--------+--------+--------+--------+--------+-----+--------+

Top non-repeatable levels by time:
     D:3: 1305 daAuts
     D:1: 1239 daAuts
     D:2: 956 daAuts
     D:4: 64 daAuts
